Map: Acid Plant LE

Players

Cham

  • Race: Zerg Zerg
  • League: Grandmaster
  • Spawn Location: 11:00

Lambo - Winner!

  • Race: Zerg Zerg
  • League: Grandmaster
  • Spawn Location: 5:00

VOD

Have the link to the VOD?

Description

Time

  • Played on: Oct. 18, 2018, 12:43 p.m.
  • Length: 17:42
Show
View Real Time Build Order
Export as new Build Order

Cham Zerg 

Build Orders: Hatch First 

Get SALT Encoding   

  12  0:00  Drone  
  13  0:08  Drone  
  14  0:17  Overlord  
  14  0:36  Drone x2  
  16  0:47  Hatchery  
  15  0:52  Drone  
  15  0:56  Drone  
  17  1:00  Extractor  
  16  1:04  Drone  
  17  1:15  Spawning Pool  
  16  1:20  Drone  
  16  1:23  Drone  
  18  1:31  Drone  
  19  1:44  Overlord  
  19  1:55  Drone  
  19  1:58  Evolution Chamber  
  19  2:00  Drone  
  20  2:02  Queen  
  20  2:06  Queen  
  24  2:13  Drone x2  
  26  2:16  Drone  
  26  2:22  Drone  
  28  2:29  Zerg Ground Armor Level 1  
  28  2:36  Overlord  
  28  2:46  Queen  
  28  2:49  Queen  
  32  2:53  Drone  
  32  2:56  Metabolic Boost  
  33  3:01  Drone x2  
  35  3:05  Drone  
  35  3:09  Drone x2  
  38  3:13  Drone  
  38  3:14  Drone  
  38  3:19  Drone x2  
  42  3:21  Drone  
  42  3:23  Drone  
  44  3:27  Overlord  
  44  3:39  Roach Warren  
  43  3:45  Zergling x4  
  43  3:46  Zergling x8  
  49  3:51  Zergling x2  
  49  4:00  Zergling x4  
  48  4:12  Zergling x8  
  48  4:13  Zergling x2  
  48  4:14  Overlord  
  52  4:22  Lair  
  52  4:23  Overlord x2  
  52  4:25  Zerg Missile Weapons Level 1  
  52  4:28  Extractor  
  52  4:29  Extractor  
  52  4:31  Drone x2  
  52  4:34  Drone x2  
  53  4:53  Drone x4  
  53  4:54  Drone x2  
  53  4:57  Overlord  
  53  4:59  Drone  
  60  5:05  Hatchery  
  59  5:07  Drone  
  59  5:09  Drone  
  61  5:15  Drone x2  
  61  5:20  Drone x2  
  65  5:24  Drone  
  65  5:28  Drone x3  
  69  5:41  Hatchery  
  69  5:42  Spire  
  67  5:44  Extractor  
  67  5:48  Overlord  
  66  5:53  Overlord, Glial Reconstitution  
  66  5:54  Roach  
  68  5:57  Roach  
  68  6:02  Overlord  
  68  6:03  Roach  
  72  6:07  Roach  
  72  6:08  Roach  
  76  6:14  Roach x2  
  76  6:16  Roach  
  82  6:19  Overlord  
  82  6:23  Overlord  
  82  6:26  Roach  
  82  6:27  Roach  
  83  6:40  Roach x4  
  83  6:41  Roach  
  93  6:49  Overlord  
  93  6:55  Overlord  
  93  6:57  Mutalisk x3  
  98  7:01  Mutalisk  
  98  7:07  Mutalisk, Drone x2  
  103  7:08  Drone  
  103  7:10  Drone  
  103  7:12  Drone  
  103  7:15  Drone  
  107  7:19  Overlord  
  107  7:20  Zerg Missile Weapons Level 2  
  107  7:23  Drone  
  107  7:24  Drone  
  107  7:27  Drone x2  
  111  7:30  Drone x2  
  111  7:33  Roach  
  111  7:35  Roach  
  117  7:38  Overlord  
  117  7:42  Roach x2  
  121  7:46  Roach x2  
  121  7:49  Roach  
  121  7:51  Roach  
  129  7:52  Roach  
  129  7:54  Roach  
  129  7:57  Roach  
  129  7:58  Roach  
  137  8:01  Overlord  
  137  8:09  Roach  
  137  8:10  Roach x4  
  137  8:12  Overlord  
  145  8:14  Roach  
  145  8:15  Roach  
  145  8:17  Roach  
  151  8:20  Roach  
  151  8:24  Roach x2  
  151  8:25  Roach, Ravager  
  160  8:32  Roach x2  
  164  8:35  Roach x2  
  168  8:48  Roach  
  169  8:50  Roach  
  169  8:51  Roach x2  
  169  8:53  Roach  
  169  8:54  Roach, Overlord  
  168  8:58  Roach  
  170  9:06  Roach  
  164  9:13  Roach x3  
  164  9:17  Roach x6  
  140  9:20  Roach x4  
  140  9:24  Roach  
  134  9:25  Roach  
  134  9:30  Roach  
  134  9:31  Roach  
  121  9:36  Roach  
  121  9:37  Roach x2  
  121  9:42  Roach x2  
  121  9:45  Extractor  
  124  9:48  Roach  
  126  9:53  Roach x2  
  130  10:05  Roach x2  
  130  10:07  Roach  
  126  10:08  Overseer  
  126  10:09  Roach x2  
  126  10:10  Roach x3  
  128  10:17  Roach x3  
  122  10:23  Roach x2  
  122  10:25  Roach  
  122  10:27  Roach  
  114  10:34  Roach x2  
  114  10:38  Roach  
  114  10:41  Roach  
  114  10:42  Roach  
  120  10:44  Roach x2  
  120  10:45  Roach x2  
  120  10:46  Roach x2  
  124  10:58  Roach x3, Overseer  
  124  11:00  Overseer  
  130  11:10  Roach x5  
  130  11:11  Roach x2  
  142  11:12  Overlord x2  
  142  11:14  Roach  
  142  11:15  Extractor  
  142  11:17  Roach  
  144  11:28  Roach x2  
  144  11:29  Roach x2  
  144  11:31  Roach  
  144  11:32  Pneumatized Carapace  
  154  11:34  Roach x2  
  158  11:53  Overseer  
  158  11:56  Roach x4  
  158  11:57  Roach  
  158  11:58  Roach  
  158  11:59  Roach x3  
  174  12:03  Overlord  
  174  12:05  Roach  
  174  12:08  Ravager x3  
  177  12:11  Roach  
  179  12:16  Ravager  
  179  12:17  Overlord  
  180  12:29  Ravager x3  
  183  12:32  Roach x2  
  183  12:33  Roach, Overlord  
  189  12:37  Roach  
  189  12:40  Roach  
  193  12:46  Ravager  
  193  12:47  Ravager  
  193  12:48  Roach  
  193  12:49  Roach  
  199  13:00  Roach  
  199  13:11  Roach  
  194  13:18  Ravager x5  
  193  13:24  Ravager  
  193  13:25  Roach  
  193  13:26  Overlord  
  196  13:32  Roach x2  
  200  13:51  Roach  
  200  13:52  Roach  
  151  14:00  Roach  
  151  14:02  Roach x6  
  159  14:04  Roach  
  159  14:05  Roach x2  
  163  14:10  Roach  
  163  14:11  Roach  
  163  14:13  Overseer  
  165  14:21  Roach x2  
  167  14:27  Roach  
  167  14:30  Roach  
  170  14:37  Roach  
  172  14:38  Roach  
  172  14:43  Ravager x3  
  172  14:44  Ravager  
  176  14:51  Roach  
  178  14:56  Roach  
  178  14:58  Roach  
  182  15:02  Roach  
  186  15:07  Roach  
  186  15:17  Overseer  
  186  15:19  Overlord  
  183  15:26  Overlord  
  174  15:47  Roach x4  
  174  15:48  Roach  
  180  15:56  Ravager x5  
  185  16:08  Roach x2  
  189  16:18  Overseer  
  189  16:24  Roach  
  185  16:58  Overlord  
  185  16:59  Overlord  
  185  17:03  Overlord x2  
  185  17:07  Overlord  
Show
View Real Time Build Order
Export as new Build Order

Lambo Zerg - Winner!

Build Orders: Hatch First, Lurkers, Roach Hydra 

Get SALT Encoding   

  12  0:01  Drone  
  13  0:12  Overlord  
  13  0:17  Drone  
  14  0:30  Drone x2  
  16  0:48  Hatchery  
  15  0:52  Drone  
  15  0:55  Drone  
  17  0:58  Drone  
  18  1:06  Extractor  
  17  1:13  Spawning Pool  
  17  1:16  Drone  
  17  1:20  Drone  
  18  1:28  Drone  
  19  1:41  Drone  
  20  1:49  Drone  
  21  2:00  Queen x2, Drone  
  21  2:01  Overlord  
  26  2:06  Metabolic Boost  
  26  2:10  Zergling x2  
  26  2:13  Drone  
  28  2:21  Drone  
  29  2:23  Drone  
  30  2:33  Zergling x2  
  30  2:35  Drone  
  32  2:40  Hatchery  
  31  2:46  Overlord, Drone  
  32  2:52  Queen  
  32  2:54  Zergling x2  
  35  2:59  Drone  
  35  3:04  Zergling x2  
  35  3:05  Zergling x2  
  38  3:10  Zergling x8  
  42  3:16  Drone  
  42  3:17  Overlord  
  43  3:22  Baneling Nest  
  43  3:23  Drone x2  
  43  3:36  Drone x2  
  43  3:39  Drone x2  
  47  3:42  Overlord, Drone  
  47  3:43  Drone x2  
  47  3:44  Drone  
  51  3:56  Drone  
  51  3:57  Drone x2  
  51  4:02  Drone x2  
  55  4:05  Drone  
  55  4:07  Extractor  
  55  4:08  Extractor  
  52  4:11  Zergling x2  
  52  4:13  Zergling x4  
  52  4:14  Drone x2  
  56  4:18  Zergling x2  
  56  4:19  Zergling x4  
  56  4:23  Roach Warren  
  54  4:24  Zergling x2  
  54  4:25  Zergling x2  
  54  4:26  Queen, Evolution Chamber  
  54  4:30  Baneling x2  
  59  4:31  Zergling x4  
  59  4:32  Baneling x3  
  59  4:36  Baneling  
  59  4:39  Drone  
  59  4:40  Drone  
  59  4:42  Zergling x6  
  62  4:47  Drone x4  
  62  4:52  Overlord  
  64  4:54  Drone  
  64  4:58  Lair  
  65  5:05  Zerg Missile Weapons Level 1  
  65  5:07  Drone  
  65  5:09  Overlord  
  65  5:14  Overlord  
  66  5:16  Zergling x10  
  66  5:18  Roach  
  72  5:23  Drone x2  
  72  5:25  Overlord  
  72  5:27  Drone  
  74  5:30  Drone x2  
  74  5:34  Extractor, Drone  
  73  5:38  Drone  
  73  5:39  Drone x3  
  77  5:47  Roach x2  
  81  5:51  Roach  
  81  5:52  Roach  
  81  5:56  Roach x3  
  91  6:04  Roach x3, Glial Reconstitution  
  97  6:07  Overseer  
  97  6:11  Overlord  
  97  6:13  Overlord  
  97  6:15  Overlord  
  97  6:16  Overlord  
  97  6:22  Roach, Extractor  
  97  6:23  Overlord x2  
  97  6:25  Overlord  
  98  6:28  Overlord  
  98  6:31  Overlord  
  97  6:33  Overlord  
  97  6:36  Overlord  
  97  6:38  Roach x4  
  104  6:44  Hydralisk Den  
  104  6:46  Drone x5  
  108  6:49  Drone x2  
  108  6:51  Pneumatized Carapace  
  110  6:55  Drone x2  
  110  6:56  Extractor  
  110  6:57  Roach  
  110  7:01  Zerg Missile Weapons Level 2  
  113  7:03  Drone x2  
  115  7:09  Drone  
  115  7:13  Drone x2, Burrow  
  118  7:22  Tunneling Claws  
  118  7:23  Overseer, Spore Crawler  
  118  7:24  Spore Crawler  
  118  7:25  Drone x2, Spore Crawler x2  
  118  7:26  Spore Crawler  
  118  7:29  Drone  
  116  7:30  Lurker Den  
  116  7:32  Spore Crawler  
  116  7:34  Spore Crawler  
  116  7:35  Drone x2  
  115  7:38  Drone x2  
  115  7:43  Spore Crawler, Drone  
  116  7:46  Drone x2  
  116  7:48  Spore Crawler  
  116  7:50  Drone x2  
  118  7:55  Drone x2  
  118  7:58  Muscular Augments  
  120  8:01  Hydralisk x2  
  120  8:05  Overlord  
  124  8:09  Overlord  
  124  8:10  Hydralisk  
  126  8:16  Ravager  
  126  8:17  Ravager x3  
  126  8:19  Hydralisk x2  
  130  8:20  Hydralisk x2  
  130  8:23  Hydralisk x2  
  142  8:28  Roach x2  
  142  8:31  Roach x2  
  150  8:38  Roach x4  
  150  8:41  Roach x2  
  162  8:44  Roach  
  162  8:45  Roach x4  
  162  8:47  Roach x2  
  161  8:52  Roach x2  
  161  8:54  Roach  
  153  8:59  Roach x2  
  156  9:05  Roach x2  
  156  9:06  Roach  
  156  9:09  Grooved Spines  
  150  9:11  Roach x4  
  150  9:15  Roach x2  
  139  9:17  Roach  
  139  9:18  Roach x2  
  139  9:21  Roach x2  
  139  9:23  Drone  
  120  9:24  Roach  
  114  9:33  Roach x3  
  116  9:45  Roach x3  
  116  9:46  Extractor  
  116  9:47  Queen  
  116  9:48  Lurker  
  116  9:49  Lurker  
  129  9:52  Roach  
  129  9:53  Roach x14  
  129  9:54  Roach x3  
  129  9:56  Hydralisk  
  129  9:57  Roach x3  
  131  10:00  Roach x3  
  131  10:02  Roach x2  
  121  10:09  Roach x2  
  121  10:10  Roach x4  
  121  10:13  Roach  
  118  10:18  Roach x5  
  114  10:27  Roach x3  
  110  10:30  Roach  
  110  10:32  Roach x3  
  110  10:33  Roach  
  114  10:39  Roach  
  116  10:43  Roach  
  116  10:45  Roach x3  
  116  10:48  Roach x25  
  120  10:53  Roach x3  
  120  10:55  Roach x2  
  122  11:06  Hydralisk x3  
  126  11:14  Hydralisk x2  
  130  11:20  Hydralisk  
  130  11:23  Ravager x2  
  130  11:28  Roach  
  130  11:29  Drone x3  
  130  11:31  Roach x2  
  133  11:33  Lurker  
  133  11:36  Roach, Lurker  
  135  11:40  Drone x3  
  135  11:44  Lurker  
  135  11:45  Lurker  
  140  11:47  Lurker  
  141  11:59  Hydralisk  
  141  12:00  Roach x2  
  143  12:06  Lurker  
  143  12:07  Lurker  
  143  12:20  Hatchery  
  143  12:22  Drone x3  
  145  12:25  Lurker  
  145  12:28  Hydralisk  
  148  12:31  Hydralisk  
  148  12:35  Roach x15  
  150  12:37  Overseer  
  150  12:39  Hydralisk  
  152  12:54  Hydralisk x2  
  152  12:55  Hydralisk  
  158  13:03  Hydralisk x4  
  162  13:18  Hydralisk x4  
  162  13:19  Roach  
  148  13:32  Lurker x4  
  152  13:34  Roach x6  
  152  13:37  Roach  
  152  13:47  Hydralisk x3  
  164  13:55  Roach x6  
  150  14:01  Roach  
  150  14:02  Roach x3  
  142  14:09  Roach x5  
  136  14:16  Lurker  
  135  14:25  Hydralisk x5  
  135  14:27  Lurker  
  144  14:34  Hydralisk x3  
  140  14:46  Drone x8  
  148  14:59  Roach x11  
  145  15:15  Hydralisk x7  
  145  15:16  Roach x6  
  145  15:19  Hydralisk  
  153  15:46  Roach  
  153  15:49  Lurker x3  
  152  15:51  Hatchery  
  152  15:53  Overlord  
  152  15:55  Extractor  
  152  15:56  Extractor  
  141  15:57  Hydralisk  
  141  15:59  Roach x6  
  149  16:08  Queen  
  151  16:18  Roach  
  151  16:19  Roach x3  
  159  16:33  Roach x3  
  159  16:35  Overseer  
  159  16:36  Overlord  
  161  16:49  Lurker  
  161  16:50  Overlord  
  162  16:57  Hydralisk x3  
  168  17:02  Hydralisk  
  168  17:03  Hydralisk x3  
  176  17:11  Roach x6  
  173  17:17  Roach x3  
Tags
 
Add a new tag
Caveats
  • Supply blocks, unpowered buildings, or Contaminate may cause inaccurate times.
  • Supply counts are checked every 10 seconds.